 Dungeon Crawl Stone Soup version 0.21-a0-496-g696f58f (webtiles) character file.

9 namelastname112 the Conjurer (level 2, 19/19 HPs)
             Began as a Demonspawn Conjurer on Nov 23, 2017.
             Quit the game on level 1 of the Dungeon.
             The game lasted 00:01:22 (686 turns).

namelastname112 the Conjurer (Demonspawn Conjurer)   Turns: 686, Time: 00:01:23

Health: 19/19      AC:  2    Str:  8    XL:     2   Next: 3%
Magic:  1/5        EV: 12    Int: 16    God:
Gold:   25         SH:  0    Dex: 13    Spells: 4/5 levels left

rFire    . . .     SeeInvis .   g - -3 short sword (curse)
rCold    . . .     Gourm    .   (no shield)
rNeg     . . .     Faith    .   a - +0 robe
rPois    .         Spirit   .   (no helmet)
rElec    .         Reflect  .   (no cloak)
rCorr    .         Harm     .   (no gloves)
MR       .....                  (no boots)
Stlth    ++........             (no amulet)
HPRegen  0.06/turn              (no ring)
MPRegen  0.09/turn              (no ring)

@: no status effects
A: hooves 1
a: no special abilities


You were on level 1 of the Dungeon.
You were not hungry.

You visited 1 branch of the dungeon, and saw 1 of its levels.

You collected 25 gold pieces.

Inventory:

Hand Weapons
 g - a cursed -3 short sword (weapon)
Armour
 a - a +0 robe (worn)
Scrolls
 f - a scroll of identify {unknown}
Potions
 d - a potion of invisibility {unknown}
 e - a potion of magic {unknown}
 h - a potion of curing {unknown}
Books
 b - a book of Conjurations

   Spells                             Type                      Level
   a - Magic Dart                     Conjuration                  1
   b - Searing Ray                    Conjuration                  2
   c - Dazzling Spray                 Conjuration/Hexes            3
   d - Fulminant Prism                Conjuration/Hexes            4
   e - Force Lance                    Conjuration/Translocation    4
   f - Iskenderun's Mystic Blast      Conjuration                  4
Comestibles
 c - 2 bread rations


   Skills:
 - Level 1.7 Dodging
 - Level 1.7 Stealth
 + Level 2.3 Spellcasting
 + Level 4.2 Conjurations


You had 4 spell levels left.
You knew the following spells:

 Your Spells              Type           Power        Failure   Level  Hunger
z - Magic Dart            Conj           ###.         3%          1    #......


Dungeon Overview and Level Annotations

Branches:
Dungeon (1/15)

Altars:
Nemelex Xobeh


Innate Abilities, Weirdness & Mutations

You have large cloven feet.


Message History

Aiming: Magic Dart
Press: ? - help, Shift-Dir - straight line, f - kobold
Aim: a kobold, wielding a whip The magic dart hits the kobold.
The kobold is heavily wounded.
You now have 2/3 mp.
Casting: Magic Dart
Confirm with . or Enter, or press ? or * to list all spells.
Aiming: Magic Dart
Press: ? - help, Shift-Dir - straight line, f/p - kobold
Aim: a kobold, wielding a whip (heavily wounded)
The magic dart hits the kobold.
You kill the kobold!
You have reached level 2!
You feel monstrous as your demonic heritage exerts itself.
Your demonic ancestry asserts itself...
Your feet thicken and deform.
Health restored: 19 You now have 1/5 mp.
Are you sure you want to abandon this character and quit the game? (Confirm with "yes".)

#.# #.##....#
..#####'#####.##....#
.....(........#
..............#
..............#
#.........)...#
+.............#
#.............#
#######@###.### #.#
#.# #.# #.# #.# #.#
#)# #.# ... .# #.#
..#


There were no monsters in sight!

Vanquished Creatures
  2 hobgoblins (D:1)
  2 jackals (D:1)
  A kobold (D:1)
  A bat (D:1)
  2 rats (D:1)
8 creatures vanquished.

Notes
Turn   | Place    | Note
-------+----------+-------------------------------------------
     0 | D:1      | namelastname112 the Demonspawn Conjurer began the quest for the Orb.
     0 | D:1      | Reached XP level 1. HP: 13/13 MP: 3/3
   653 | D:1      | Found a sparkling altar of Nemelex Xobeh.
   685 | D:1      | Gained mutation: You have large cloven feet. [demonic ancestry]
   685 | D:1      | Reached XP level 2. HP: 19/19 MP: 1/5
   686 | D:1      | Quit the game

Vault maps used:
D:1:      minmay_arrival_four_loops, nemelex_xobeh_ov_fountains_minmay

Action                   || total
-------------------------++-------
Melee: Short sword       ||    12
 Cast: Magic Dart        ||    14
Armor: Robe              ||     3
Dodge: Dodged            ||     6

Table legend:
 A = Spawn XP
 B = Non-spawn XP
 C = Spawn XP percentage of total XP
 D = Spawn monster count
 E = Non-spawn monster count
 F = Spawn count percentage of total count
 G = Total turns spent on level
                    A         B        C        D         E        F      G
               +---------+---------+-------+---------+---------+-------+---------
         Total |       0 |      13 |   0.0 |       0 |       8 |   0.0 |   686
               +---------+---------+-------+---------+---------+-------+---------
           D:1 |       0 |      13 |   0.0 |       0 |       8 |   0.0 |   686
               +---------+---------+-------+---------+---------+-------+---------
